[Event "1st Henriquez Urena Memorial 2022"]
[Site "Santo Domingo"]
[Date "2022.09.22"]
[Round "8.3"]
[White "Ramirez, Alejandro"]
[Black "Mendez Ramirez, Victor"]
[Result "1-0"]
[ECO "D42"]
[WhiteElo "2561"]
[BlackElo "2153"]
[Annotator "TA"]
[PlyCount "133"]
[EventDate "2022.09.16"]
[EventType "swiss"]
[EventCountry "DOM"]
[SourceTitle "playchess.com"]
[Source "ChessBase"]
[SourceQuality "1"]
[TimeControl "5400+30"]

1. c4 c6 2. e4 d5 3. exd5 cxd5 4. cxd5 Nf6 5. Nc3 Nxd5 6. Nf3 e6 7. d4 Be7 8. Bd3 Nc6 9. O-O O-O 10. Re1 Ncb4 11. Bb1 Nf6 12. Bg5 Bd7 {[%emt 0:08:02] D42: Queen's Gambit Declined: Semi-Tarrasch: 5 cxd5 Nxd5 6 e3 Nc6 7 Bd3 .} 13. Ne5 Nbd5 {[%emt 0:11:34] Inhibits Re3.} 14. Qd3 g6 {[%emt 0:02:57][%cal Of6g4] White is better.} 15. Qf3 {[%emt 0:00:00] [#] Against Ng4. White has more active pieces. The black rooks are badly placed.} ({White should try} 15. Bh6 $1 $16) 15... Kg7 $146 ({Predecessor:} 15... Bc6 16. Nxc6 bxc6 17. Bh6 Re8 18. Bc2 Qb6 19. Ba4 Rac8 20. Rac1 Bf8 21. Bxf8 Rxf8 {0-1 (33) Roinos,I (2135)-Ignatiadis,K (2095) Porto Rio 2016}) 16. Qh3 {[%emt 0:00:00] aiming for Nxd5.} Ng8 17. Bd2 {[%emt 0:00:00] Hoping for Nxd5.} Nxc3 (17... Bc6 $14) 18. Bxc3 (18. Qxc3 Rc8 19. Qg3 Nf6 $14) 18... Bf6 19. Ng4 Bc6 20. Nxf6 Nxf6 21. d5 $1 Bxd5 22. Be4 (22. Bc2 $16) 22... Kg8 {[%emt 0:07:56] [#]} 23. Qh6 $1 Rc8 24. Bxd5 exd5 25. Red1 $40 {[%emt 0:03:08][%cal Od1d5][%mdl 128] White has some attack.} Rc6 ({Resist} 25... Nh5 26. g4 Rxc3 27. bxc3 $16) 26. Rd3 Qd6 ({Don't do} 26... Nh5 27. Rad1 (27. g4 Nf6 $14) 27... Qe7 28. Rxd5 $16) 27. Rad1 Re8 {[%emt 0:00:46] [#]} 28. Rxd5 $1 Qf8 29. Qxf8+ Kxf8 30. R5d3 h5 31. f3 Rce6 32. Kf1 Kg8 $2 {[%emt 0:00:36] [#]} (32... b6 $14) 33. Rd6 $1 $18 Kg7 34. Rxe6 Rxe6 {[%emt 0:00:19][%mdl 4096] Endgame KRB-KRN} 35. Rd7 $1 Kg8 (35... b6 $16) 36. Rxb7 a6 37. a4 Kf8 38. b4 Nd5 39. Bd4 Ke8 40. b5 axb5 41. Rxb5 Nc7 {[%emt 0:00:31] This move loses the game for Black.} (41... Ne3+ $16 42. Kf2 Nf5) 42. Re5 Kd7 {[%emt 0:00:25] [#]} 43. Rxe6 Nxe6 {[%emt 0:00:03] KB-KN} (43... fxe6 44. Ke2 Kd6) 44. Be3 Kc6 45. Ke2 Kd5 46. Kd3 Nc7 (46... h4 $142 47. Kc3 Kd6) 47. Kc3 Na6 (47... Kc6 $142 48. Kc4 Nd5) 48. a5 Nc7 49. Kb4 Kc6 50. Kc4 Na6 (50... h4 $142 51. Bg5 h3) 51. h4 Nc7 52. g3 Na6 53. Kd4 Nc7 54. Ke5 Kd7 55. Bb6 {[%emt 0:00:24] Threatens to win with Bxc7.} Ne8 56. a6 {[%emt 0:00:24][%cal Ba5a6,Ba6a7][%mdl 32] Threatening mate with a7.} Kc6 57. a7 Kb7 58. Bd4 Ka8 59. g4 Kb7 {[%emt 0:00:47] White mates.} 60. gxh5 gxh5 61. Kf5 Nc7 62. Kf6 Ne6 63. Be3 Nc7 64. Kxf7 Nd5 65. Bd4 Nf4 66. Kf6 Ka8 67. Kf5 {[%emt 0:00:14] Weighted Error Value: White=0.18 (very precise) /Black=0.38} 1-0

[Event "1st Henriquez Urena Memorial 2022"]
[Site "Santo Domingo"]
[Date "2022.09.21"]
[Round "8.4"]
[White "Araujo Sanchez, Josue"]
[Black "Michelen Rodriguez, Victor Isaac"]
[Result "1/2-1/2"]
[ECO "D02"]
[WhiteElo "2281"]
[BlackElo "2228"]
[Annotator "TA"]
[PlyCount "125"]
[EventDate "2022.09.16"]
[EventType "swiss"]
[EventCountry "DOM"]
[SourceTitle "playchess.com"]
[Source "ChessBase"]
[SourceQuality "1"]
[TimeControl "5400+30"]

1. Nf3 Nf6 2. d4 d5 3. c3 c6 4. Qc2 g6 5. Bf4 Bf5 6. Qb3 {[%emt 0:00:11] D02: 1 d4 d5 2 Nf3 sidelines, including 2...Nf6 3 g3 and 2...Nf6 3 Bf4.} Qb6 7. h3 Nbd7 8. g4 {[%emt 0:00:26] White has an edge.} Bxb1 9. Rxb1 Qxb3 (9... Ne4 {seems wilder.} 10. e3 h5 11. g5 Bg7) 10. axb3 Bg7 11. e3 {[%emt 0:00:42] [#]} O-O $146 ({Predecessor:} 11... h5 12. Rg1 O-O 13. Bd3 Rfe8 14. gxh5 Nxh5 15. Be5 Bxe5 16. dxe5 e6 17. Ke2 Kg7 {1-0 (52) Yurtseven,M (2400)-Altun,A (2359) Antalya 2021}) 12. Bd3 Rfe8 13. c4 Ne4 14. cxd5 cxd5 15. Bb5 Red8 16. Ke2 Nf8 17. Rbc1 a6 18. Bd3 Ne6 19. Bh2 Rdc8 20. Ne5 Bxe5 21. Bxe5 f6 22. Bh2 Nd8 23. f3 Ng5 24. h4 Ngf7 25. Rc5 ({Better is} 25. Rhd1 $14) 25... Rxc5 $11 26. dxc5 Rc8 27. Rc1 Nc6 28. Bg1 e5 (28... Nb4 $15) 29. e4 d4 30. Bf2 Nfd8 31. Bc4+ Kf8 32. Be1 Ke7 33. b4 Ne6 34. Bd2 Nf4+ 35. Bxf4 exf4 {[%emt 0:00:03][%mdl 4096] Endgame KRB-KRN. The position is equal.} 36. Bd5 Nxb4 {[%emt 0:02:16] Hoping for ...b6.} 37. Bxb7 Rc7 38. Bd5 a5 39. Rc4 h6 40. Kd2 g5 41. h5 Kd7 42. b3 Ke7 43. c6 (43. Rxd4 Rxc5 44. Bc4 Nc6 $17) 43... Kd6 {[%emt 0:00:11][%csl LRc6,LRd5] Inhibits Rc5.} 44. Rxd4 Nxc6 45. Bxc6+ Kxc6 {[%emt 0:00:01] KR-KR} 46. Rd5 Rd7 47. Rxd7 Kxd7 {[%emt 0:00:01] KP-KP} 48. Kd3 Kc7 $1 49. Kc3 Kb6 50. Kc4 {[%emt 0:14:17] [#] Threatens to win with Kd5.} Kc6 51. Kd4 {[%emt 0:03:15] Black must now prevent Kc4.} Kd6 52. Kc4 {[%emt 0:00:08] Kb5 is the strong threat.} Kc6 53. b4 axb4 54. Kxb4 Kb6 55. Kc3 Kc7 (55... Kc5 $5) 56. Kb3 Kb7 57. Kc4 {[%emt 0:00:24] [#] White threatens Kd5 and mate.} Kc6 58. Kd4 Kd6 {[%emt 0:00:06] Against e5+} 59. Kc3 Kc7 60. Kd2 Kd8 61. Ke2 Ke8 62. Kd2 Kd8 63. Kc3 {[%emt 0:00:20] Weighted Error Value: White=0.05 (flawless) /Black=0.05 (flawless)} 1/2-1/2

[Event "1st Henriquez Urena Memorial 2022"]
[Site "Santo Domingo"]
[Date "2022.09.22"]
[Round "8.5"]
[White "Leon Hoyos, Manuel"]
[Black "Crispin Ferreras, Darvi Abraham"]
[Result "1-0"]
[ECO "A25"]
[WhiteElo "2491"]
[BlackElo "2160"]
[Annotator "TA"]
[PlyCount "83"]
[EventDate "2022.09.16"]
[EventType "swiss"]
[EventCountry "DOM"]
[SourceTitle "playchess.com"]
[Source "ChessBase"]
[SourceQuality "1"]
[TimeControl "5400+30"]

1. c4 e5 2. g3 Nf6 3. Bg2 Nc6 4. Nc3 Bc5 5. e3 O-O 6. Nge2 Re8 7. O-O Bf8 {[%emt 0:06:40] A25: English Opening vs King's Indian with ...Nc6 but without early d3.} (7... Bb6 $11) 8. h3 d6 9. d4 exd4 {[%emt 0:01:01] White is slightly better.} 10. exd4 g6 11. g4 Bg7 12. Be3 {[%emt 0:01:01] [#]} h5 $146 ({Predecessor:} 12... Ne7 13. Nf4 c6 14. Qd2 Qa5 15. a3 Qa6 16. b3 Rb8 17. a4 Nd7 18. Rad1 Qa5 {1-0 (38) Kourkounakis,I (2400)-Papamattheou,T Kavala 1995}) 13. g5 Nh7 14. Qd2 Ne7 15. f4 Nf5 16. Bf2 c6 17. b4 Bd7 18. a4 a6 (18... Be6 $5 ) 19. Rab1 Re7 20. Rbe1 Qf8 21. Ne4 Rae8 (21... Be6 $11) 22. N2c3 $16 {[%emt 0:00:30] White now steadily converts the win.} b5 {[%emt 0:14:44] [#]} ({Better is} 22... b6) 23. axb5 $1 axb5 24. cxb5 Rb8 $2 (24... d5 $16 {keeps fighting.}) 25. bxc6 $18 Bxc6 26. Nf6+ Bxf6 27. Bxc6 Bg7 28. Nd5 Qc8 (28... Ra7 {was called for.} 29. b5 Qc8) 29. Nxe7+ Nxe7 30. Bg2 Nf5 31. Rc1 Qd8 32. Rc4 {[%emt 0:02:13] d5 is the strong threat.} Nf8 (32... d5 {might work better.}) 33. Rfc1 {[%emt 0:01:03] Strongly threatening d5.} d5 34. Rc5 Ne7 35. h4 Ne6 36. Bh3 ({Resist} 36. Ra5 $6 Qd6) 36... Qd6 37. Be3 (37. Kh2 $18) 37... Rb6 (37... Qb6 $16 38. Bf2 (38. Bxe6 Qxe6 39. Bf2 Bf8 $16) 38... Nxc5 39. bxc5 Qc7) 38. b5 Kh7 39. Qf2 {[%emt 0:01:24] aiming for f5.} Qb8 $2 {[%emt 0:00:23] [#]} (39... Kg8 40. Kh1 Rb8) 40. f5 {[%emt 0:00:47][%cal Bf4f5,Bf5f6][%mdl 32] White is clearly winning.} ({Weaker is} 40. Bxe6 Rxe6 41. R1c3 Rxe3 42. Qxe3 Nf5 $11) 40... Nxc5 41. dxc5 Rxb5 42. f6 {[%emt 0:00:02] Weighted Error Value: White=0.24 (precise) /Black=0.48} 1-0

[Event "1st Henriquez Urena Memorial 2022"]
[Site "Santo Domingo"]
[Date "2022.09.21"]
[Round "8.6"]
[White "Orizondo, Hugo"]
[Black "Ferreira Fernandez, Sergio"]
[Result "1/2-1/2"]
[ECO "D78"]
[WhiteElo "2034"]
[BlackElo "2119"]
[Annotator "TA"]
[PlyCount "56"]
[EventDate "2022.09.16"]
[EventType "swiss"]
[EventCountry "DOM"]
[SourceTitle "playchess.com"]
[Source "ChessBase"]
[SourceQuality "1"]
[TimeControl "5400+30"]

1. d4 Nf6 2. c4 g6 3. Nf3 Bg7 4. g3 O-O 5. Bg2 d5 6. O-O c6 {[%emt 0:04:24] The main line 6...c6 scores better than 6...dxc4.} 7. Qb3 Qb6 8. Nc3 e6 {[%emt 0:04:16] D78: Fianchetto Grünfeld: 6 0-0 c6.} 9. c5 Qxb3 10. axb3 Nbd7 {[%emt 0:00:14][%cal Oe6e5] White has an edge.} 11. b4 {[%emt 0:00:00] White is more active.} Re8 12. Bf4 {[%emt 0:00:00] Prevents e5.} Nh5 {[%emt 0:04:10] [#]} 13. e3 $146 ({Predecessor:} 13. Bd6 e5 14. e3 e4 15. Nd2 Bf8 16. Bxf8 Nxf8 17. b5 Bd7 18. Ra3 Nf6 19. Rfa1 cxb5 20. Rxa7 Rxa7 21. Rxa7 {1-0 (28) Pinheiro,J (2330)-Jesus,J Lisbon 2014}) 13... Nxf4 14. exf4 (14. gxf4 $14 f6 15. Rfe1) 14... f6 $11 15. Rfe1 e5 16. Re3 (16. Bh3 {seems wilder.} e4 17. f5 h5 18. fxg6 Ne5 19. Nxe5 fxe5 20. Bxc8 Rexc8 21. dxe5 Bxe5 22. f4) 16... e4 17. Nd2 f5 18. Ne2 (18. Nf3 $15) 18... a6 (18... Nf8 $17 19. Rea3 Ne6) 19. h4 (19. Nf3 $1 $15) 19... Nf6 ({Black should try} 19... Nf8 20. Rea3 Ne6) 20. Bh3 h5 21. Nf1 Be6 22. Rc3 Rad8 23. Ne3 Nh7 24. Kf1 Nf8 25. Ke1 Bc8 26. Nc2 {[%emt 0:00:00] Black is slightly better.} Ne6 27. Kd2 Bd7 28. Ke3 Kf7 {[%emt 0:01:48] Weighted Error Value: White=0.18 (very precise) /Black=0.17 (very precise)} 1/2-1/2

[Event "1st Henriquez Urena Memorial 2022"]
[Site "Santo Domingo"]
[Date "2022.09.22"]
[Round "8.7"]
[White "Subervi, Jonathan Sigfredo"]
[Black "Mesa Cruz, Juan Carlos"]
[Result "0-1"]
[ECO "B23"]
[WhiteElo "2124"]
[BlackElo "2119"]
[Annotator "TA"]
[PlyCount "124"]
[EventDate "2022.09.16"]
[EventType "swiss"]
[EventCountry "DOM"]
[SourceTitle "playchess.com"]
[Source "ChessBase"]
[SourceQuality "1"]
[TimeControl "5400+30"]

1. e4 c5 2. Nc3 Nc6 3. Bb5 g6 4. Bxc6 bxc6 5. d3 Bg7 6. Be3 {[%emt 0:01:07] B23: Closed Sicilian: Lines without g3.} Rb8 7. Rb1 {[%emt 0:01:02] [#]} (7. Nge2 $11) 7... Rxb2 $1 $17 8. Nge2 {[%emt 0:00:30] Black is better.} Rxb1 {[%emt 0:00:30] Black is more active.} 9. Qxb1 d6 10. Qb8 Qd7 11. O-O Nf6 12. e5 Nd5 13. Nxd5 cxd5 14. exd6 {[%emt 0:00:25] [#]} exd6 $146 ({Predecessor:} 14... d4 15. Bg5 f6 16. Bd2 O-O 17. dxe7 Qxe7 18. Re1 Bg4 19. Qb3+ Qf7 20. Ng3 c4 {0-1 (48) Matosec,T (2117)-Krebs,J (2248) Austria 2018}) 15. Bf4 O-O 16. Bxd6 Re8 17. Nf4 Bb7 18. Qc7 Qxc7 19. Bxc7 c4 20. h4 cxd3 21. cxd3 Rc8 22. Bd6 Rc6 23. Bb8 a5 24. Rb1 Ba6 25. Nxd5 {[%emt 0:03:10] Hoping for Ne7+.} Bxd3 26. Rd1 {[%emt 0:05:42] Black must now prevent Ne7+.} Be2 {[%emt 0:01:15] A strong pair of Bishops.} 27. Ne7+ Kf8 28. Nxc6 Bxd1 29. Nxa5 $11 {[%emt 0:00:34][%mdl 4096] Endgame KBB-KBN} Ke8 30. Nc4 Kd7 31. Be5 Bf8 32. Bd4 Ke6 33. Ne3 Be2 34. a4 Bh6 35. f3 Bxe3+ 36. Bxe3 {[%emt 0:00:03] KB-KB} h5 37. Kf2 Ba6 38. Bd4 Kf5 39. a5 f6 40. Ke3 g5 41. g3 Bb7 42. Bb6 Ba6 43. Bc7 Bb7 44. Bd6 Ba6 ({Black should try} 44... Ke6 $14 45. Ba3 Kf5) 45. Be7 Bb7 46. Bd8 Ba6 47. Kd4 gxh4 48. gxh4 Ke6 49. Kc5 f5 50. Kc6 (50. Bg5 $16) 50... f4 $1 51. Bg5 Kf5 52. Kc7 Be2 53. Kb6 Bxf3 {[%emt 0:00:15] ...Ba8 is the strong threat.} 54. Kc5 Ba8 {[%emt 0:01:06] Threatens to win with ...Ke4.} 55. Kd4 Kg4 56. a6 f3 (56... Kg3 $5 57. Ke5 $8 f3 $11) 57. Be3 Kxh4 (57... Kg3 $5 58. Ke5 $8 (58. a7 $2 f2 $19) 58... f2 59. Bxf2+ Kxf2 $11) 58. Bf2+ Kg4 {[%emt 0:00:39] ( -> ...h4)} 59. Kd3 $2 {[%emt 0:01:02][%mdl 8192] [#]} (59. Ke3 $11) 59... h4 {[%emt 0:00:22][%cal Bh5h4,Bh4h3][%mdl 32] Black mates.} 60. Bc5 Kg3 61. Kd2 Kg2 62. Ke1 h3 {[%emt 0:00:05] Weighted Error Value: White=0.20 (precise) /Black=0.05 (flawless)} 0-1

[Event "1st Henriquez Urena Memorial 2022"]
[Site "Santo Domingo"]
[Date "2022.09.22"]
[Round "8.8"]
[White "Dominguez, Jose Manuel"]
[Black "Polanco Nunez, Yoel Starling"]
[Result "1/2-1/2"]
[ECO "B86"]
[WhiteElo "2180"]
[BlackElo "2199"]
[Annotator "TA"]
[PlyCount "112"]
[EventDate "2022.09.16"]
[EventType "swiss"]
[EventCountry "DOM"]
[SourceTitle "playchess.com"]
[Source "ChessBase"]
[SourceQuality "1"]
[TimeControl "5400+30"]

1. e4 c5 2. Nf3 d6 3. d4 cxd4 4. Nxd4 Nf6 5. Nc3 e6 6. Bc4 a6 7. Bb3 {[%emt 0:02:06] 7.Be3 is the fancy move.} Nbd7 8. g4 Nc5 9. Qe2 {[%emt 0:04:14] B86: Sicilian Scheveningen/Najdorf: 6 Bc4, without early ...b5.} d5 {[%emt 0:07:16][%cal Rf6e4] [#]} 10. exd5 $146 ({Predecessor:} 10. e5 Nfe4 11. Nxe4 dxe4 12. Be3 Qc7 13. f4 exf3 14. Qxf3 Be7 15. O-O-O O-O 16. Qg3 b5 {0-1 (29) Lind,J (2240)-Swiercz,D (2656) Gjakova 2016}) 10... Nxb3 11. Nxb3 (11. axb3 {with more complications.} Nxd5 12. O-O Bc5 13. Nxd5 Qxd5 14. Rd1) 11... Nxd5 12. Bd2 Be7 (12... b5 $142) 13. O-O-O $11 O-O 14. Kb1 a5 (14... b6 $11 {keeps the balance.}) 15. Nxd5 $16 exd5 16. Bxa5 b6 17. Bc3 Ba6 18. Qf3 {[%emt 0:00:20] White is much more active.} ({Don't do} 18. Qe5 $6 Bf6 19. Qg3 (19. Qxd5 Qxd5 20. Rxd5 Bb7 $17) 19... Bc4 $16) 18... Bc4 19. Nc1 (19. Rhe1 $142) 19... Qc7 20. h4 ({Don't play} 20. b3 Ba6 $14) 20... Rfc8 21. g5 b5 {[%emt 0:02:37][%cal Bb6b5,Bb5b4][%mdl 32] Hoping for ...b4.} 22. Rhe1 (22. b3 $1 $14) 22... b4 $15 23. Rxe7 $1 Qxe7 24. Bd4 Qe4 25. Qxe4 {[%emt 0:00:59] Really sharp!} dxe4 26. b3 Be6 27. Be3 $1 Rd8 28. Rg1 Rd5 29. Kb2 Rad8 30. Ne2 {[%emt 0:00:45][%mdl 1024] White has compensation.} Bf5 31. Ng3 g6 32. Bb6 R8d6 33. Be3 Rd7 34. Ra1 Rd1 35. Rxd1 Rxd1 $14 {[%emt 0:00:00][%mdl 4096] Endgame KRB-KBN} 36. Bc5 Rd2 {[%emt 0:00:00] [#]} (36... Rg1 $1 $11) 37. Kc1 $1 $16 e3 38. Nxf5 exf2 39. Ng3 Re2 40. Bxb4 {[%emt 0:00:42] a4 is the strong threat.} Re3 $2 {[%emt 0:00:30] [#]} (40... f5 $16) 41. Bc5 $1 $18 Rxg3 42. Bxf2 {[%emt 0:00:03] KR-KB} Rf3 (42... Rg2 $142) 43. Bc5 f5 44. a4 Kf7 45. a5 {[%emt 0:00:07] Black must now prevent a6.} Rc3 46. Bb6 Ke6 47. a6 Kd7 48. a7 $2 ({White has to play} 48. b4 $18 Kc6 49. Bd4) 48... Rc8 $11 {[%emt 0:00:03] The position is equal.} 49. Be3 Kc6 50. c4 Kb7 51. Kd2 Rd8+ 52. Kc3 Re8 53. Kd3 Rd8+ 54. Kc3 Re8 55. Kd3 Rd8+ 56. Kc3 Ra8 $2 {[%emt 0:03:47][%mdl 40960] Weighted Error Value: White=0.17 (very precise) /Black=0.25 (precise) . An unexpected result.} (56... Re8 $11 57. Kd3) 1/2-1/2

[Event "1st Henriquez Urena Memorial 2022"]
[Site "Santo Domingo"]
[Date "2022.09.21"]
[Round "8.9"]
[White "Lugo Matos, Richards Reynier"]
[Black "Camacho Campusano, David Daniel"]
[Result "1-0"]
[ECO "C54"]
[WhiteElo "2157"]
[BlackElo "2230"]
[Annotator "TA"]
[PlyCount "91"]
[EventDate "2022.09.16"]
[EventType "swiss"]
[EventCountry "DOM"]
[SourceTitle "playchess.com"]
[Source "ChessBase"]
[SourceQuality "1"]
[TimeControl "5400+30"]

1. e4 e5 2. Nf3 Nc6 3. Bc4 Bc5 4. d3 Nf6 5. c3 d6 6. Bb3 Bb6 7. h3 {[%emt 0:00:15] C54: Giuoco Piano: 4 c3 Nf6, main lines with 5 d4 and 5 d3.} h6 8. Nbd2 Ne7 9. Nc4 {[%emt 0:02:25] The position is equal.} Ng6 10. a4 {[%emt 0:02:38] With the idea a5.} c6 11. Nxb6 axb6 12. O-O b5 13. Re1 O-O {[%emt 0:02:32] [#]} 14. Bd2 $146 ({Predecessor:} 14. Be3 bxa4 15. Rxa4 Rxa4 16. Bxa4 d5 17. Bc2 Re8 18. Qb1 Be6 19. d4 exd4 20. Bxd4 Nxe4 21. Bxe4 dxe4 22. Qxe4 {½-½ (31) Hou,Y (2639)-Zhou,J (2625) Beijing 2012}) 14... bxa4 $1 15. Rxa4 Rxa4 16. Bxa4 Qe7 17. Nh2 b5 18. Bc2 c5 19. Qe2 Be6 20. Ra1 Qb7 21. Nf1 Ra8 22. Re1 Ra2 23. Bc1 b4 {[%emt 0:03:53] [#] aiming for ...bxc3.} 24. cxb4 Qxb4 25. Qd2 Qb5 26. Qc3 Ne7 27. f4 Nc6 28. f5 Bc8 29. Bb3 Ra1 30. Bc4 Qb6 31. Ne3 Nd4 32. Kh2 Ra7 33. Bd2 Kf8 34. Rb1 Rb7 35. Be1 Bd7 36. Bh4 {[%emt 0:00:23] [#] And now Bxf6 would win. A strong pair of Bishops.} Bc6 $2 (36... Ng8 $16) 37. Bxf6 $18 gxf6 38. Qe1 Qb4 $2 (38... Qd8 {was worth a try.} 39. Qh4 Ke7 40. Qxh6 Qg8) 39. Qh4 Qd2 {[%emt 0:00:30] Hoping for ...Nf3+.} 40. Qxh6+ Ke8 41. Ng4 $2 ({White should play} 41. Ra1 $18 Rxb2 42. Kh1 (42. Qh8+ Kd7 $11)) 41... Qxh6 (41... Nf3+ $1 $14 42. Kg3 Qxh6 43. Nxh6 Nd2) 42. Nxh6 $16 Bb5 (42... Kf8 $16) 43. Bd5 Ra7 44. Rd1 Ba4 $2 (44... Kf8 $16 45. Ng4 Kg7) 45. Ra1 $18 {[%emt 0:00:23][%cal Ob2b3] b3! is the strong threat.} Ke7 $2 (45... Ra6 46. Nxf7 Ke7) 46. b3 {[%emt 0:00:13] Weighted Error Value: White=0.24 (precise) /Black=0.39} 1-0

[Event "1st Henriquez Urena Memorial 2022"]
[Site "Santo Domingo"]
[Date "2022.09.22"]
[Round "9.2"]
[White "Leon Hoyos, Manuel"]
[Black "Peralta, Fernando"]
[Result "1-0"]
[ECO "A14"]
[WhiteElo "2491"]
[BlackElo "2600"]
[Annotator "TA"]
[PlyCount "85"]
[EventDate "2022.09.16"]
[EventType "swiss"]
[EventCountry "DOM"]
[SourceTitle "playchess.com"]
[Source "ChessBase"]
[SourceQuality "1"]
[TimeControl "5400+30"]

1. c4 e6 2. g3 d5 3. Bg2 Nf6 4. Nf3 Be7 5. O-O O-O 6. b3 b6 7. Bb2 Bb7 8. e3 c5 9. Nc3 dxc4 {[%emt 0:00:06] 9...Qc8 is the fancy move.} 10. bxc4 Nc6 11. Qe2 a6 {[%emt 0:00:43] A14: English Opening: 1...e6 with b3 by White.} 12. Ne1 Rb8 13. f4 b5 14. cxb5 axb5 15. Nxb5 Ba6 16. a4 Na7 17. Be5 Rb6 {[%emt 0:00:57][%cal Ra7b5] [#]} 18. Rb1 $146 {[%emt 0:20:24][%mdl 2048] Threatens to win with Bc7. White is not holding back} ({Predecessor:} 18. Bxf6 Bxf6 19. Rb1 Nxb5 20. axb5 Rxb5 21. Rxb5 Qd7 22. Be4 Bxb5 23. Bd3 Bc6 24. Qh5 {½-½ (43) Vyzmanavin,A (2480)-Ubilava,E (2445) Minsk 1983}) 18... Qd7 19. Bxf6 Bxf6 20. Qd3 Rd8 21. Qxd7 Rxd7 22. Nf3 $1 {[%emt 0:00:24] [#] aiming for Nxa7.} Nxb5 23. Rfc1 $1 c4 24. Bf1 Bb7 {[%emt 0:05:23] [#]} (24... Kf8 $14) 25. Ne1 (25. Ne5 $1 $16 Bxe5 26. fxe5) 25... Rxd2 $11 {[%emt 0:00:57][%cal Of6b2] Strongly threatening ...Bb2!} 26. Rxc4 g6 27. axb5 Bd8 {[%emt 0:00:45] A strong pair of Bishops.} 28. Rc2 (28. Rd4 $14 {should be considered.} Rxd4 29. exd4) 28... Rbd6 29. Rxd2 Rxd2 30. Bg2 Bxg2 31. Nxg2 {[%emt 0:00:02][%mdl 4096] Endgame Hoping for b6. KRB-KRN} Bb6 32. Rb3 h5 33. Kf1 Kf8 34. h3 Ke7 35. Ne1 Ra2 36. g4 hxg4 {[%emt 0:00:00] The position is equal.} 37. hxg4 f6 38. Nf3 Kd6 39. g5 fxg5 40. Nxg5 Kd5 41. Rc3 Rb2 42. Nxe6 Kxe6 ({Don't take} 42... Rb1+ 43. Ke2 $16) 43. Rc6+ {[%emt 0:00:02][%mdl 32768] Weighted Error Value: White=0.10 (very precise) /Black=0.09 (flawless) . Loss on time!?} 1-0

[Event "1st Henriquez Urena Memorial 2022"]
[Site "Santo Domingo"]
[Date "2022.09.22"]
[Round "9.3"]
[White "Mesa Cruz, Juan Carlos"]
[Black "Ramirez, Alejandro"]
[Result "1/2-1/2"]
[ECO "B22"]
[WhiteElo "2119"]
[BlackElo "2561"]
[Annotator "TA"]
[PlyCount "44"]
[EventDate "2022.09.16"]
[EventType "swiss"]
[EventCountry "DOM"]
[SourceTitle "playchess.com"]
[Source "ChessBase"]
[SourceQuality "1"]
[TimeControl "5400+30"]

1. e4 c5 2. Nf3 Nc6 3. c3 d5 4. exd5 Qxd5 5. Na3 Bg4 6. Be2 {[%emt 0:01:56] B22: Sicilian: 2 c3.} e5 7. Nc2 {[%emt 0:02:29] [#]} (7. h3 $11 Bxf3 8. Bxf3) 7... Qd6 $146 ({Better is} 7... e4 $1 $15 8. Ne3 Qh5 9. Nxg4 Qxg4) ({Predecessor:} 7... Qd7 8. Ne3 h5 9. h3 Bxf3 10. Bxf3 Nf6 11. Qa4 Nd8 12. Qxd7+ Kxd7 13. d3 Nc6 {1-0 (69) Schneider,I (2494)-Braeuning,R (2285) Magdeburg 2019}) 8. Ne3 {[%emt 0:06:25] White has an edge.} Bd7 9. O-O O-O-O (9... Nf6 $11) 10. a3 (10. Nc4 $16 Qc7 11. Ng5) 10... f5 (10... e4 $11 {remains equal.} 11. Ne1 f5) 11. d4 cxd4 (11... exd4 $16 12. Nc4 Qd5) 12. cxd4 (12. Nc4 $18 Qd5 13. cxd4) 12... e4 $2 (12... Nxd4 $16 {keeps fighting.} 13. Nxd4 Qxd4) 13. Nc4 $18 Qd5 14. Ne3 (14. Nfe5 $18) 14... Qd6 $16 {[%emt 0:00:06] [#]} 15. Nc4 (15. Ng5 $1 $16 ) 15... Qd5 $18 16. Ne3 $2 (16. Nfe5 $18) 16... Qf7 $2 ({Black should play} 16... Qd6 $11 17. Nc4) 17. Bc4 (17. Ne5 $6 Nxe5 18. dxe5 Be6 $14) 17... Qe8 18. Be2 (18. Ng5 $18 {aiming for Bf7.} Nh6 19. Nd5) 18... Qf7 $4 {[%mdl 8192] [#]} (18... exf3 $19 {and life is good for Black.} 19. Bxf3 Nf6) 19. Bc4 ({Don't play} 19. Ne5 $6 Nxe5 20. dxe5 Be6 $11) 19... Qe8 20. Ng5 Nh6 {[%emt 0:01:30] Inhibits Bf7.} 21. d5 {[%emt 0:00:30] White is more active.} (21. Ba2 $16) 21... Ne5 $14 22. Qd4 (22. Qb3 $14) 22... Ng8 $2 {[%emt 0:01:00][%mdl 40960] Weighted Error Value: White=1.11/Black=0.73. An unexpected result.} (22... Kb8 $11) 1/2-1/2